 Dungeon Sprint DCSS version 0.30-a0-956-gcec3b41aec (webtiles) character file.

Game seed: 15714916850453877722

3728 sircluck the Severer (level 10, -5/101 HPs)
             Began as a Hill Orc Berserker on Mar 29, 2023.
             Was a High Priest of Trog.
             Slain by a deep troll (6 damage)
             ... in the Dungeon (Sprint VII: "The Pits").
             The game lasted 00:06:56 (847 turns).

sircluck the Severer (Hill Orc Berserker)            Turns: 847, Time: 00:06:56

Health: -5/101     AC: 18    Str: 31    XL:     10   Next: 14%
Magic:  3/3        EV: 11    Int:  7    God:    Trog [*****.]
Gold:   0          SH:  0    Dex: 10    Spells: 9/9 levels left

rFire   . . .      SeeInvis .    t - +7 battleaxe "Methe" {antimagic, Fragile rN+ Will+ Str+6}
rCold   . . .      Faith    .    (shield currently unavailable)
rNeg    + . .      Spirit   .    y - +4 chain mail
rPois   .          Reflect  .    (no helmet)
rElec   .          Rampage  .    A - +0 cloak
rCorr   .          NoTele   +    (no gloves)
Will    +....                    B - +0 pair of boots Stlth
                                 (no amulet)
HPRegen 0.36/turn                (no ring)
MPRegen 0.08/turn                (no ring)

@: on berserk cooldown, slowed, very slow
A: no striking features
a: Renounce Religion, Berserk, Trog's Hand, Brothers in Arms


You were in the Dungeon.
You worshipped Trog.
Trog was extremely pleased with you.
You visited 1 branch

Inventory:

Hand Weapons
 a - a +0 hand axe
 n - a +2 hand axe
 o - a +2 mace
 r - a +0 heavy hand axe
 s - the +1 hand axe of the Wary Ziggurats {heavy, rN+}
   (Trog gifted it to you in the Dungeon)

   rN:        It protects you from negative energy.
 t - the +7 battleaxe "Methe" (weapon) {antimagic, Fragile rN+ Will+ Str+6}
   (Trog gifted it to you in the Dungeon)

   Str:       It affects your strength (+6).
   rN:        It protects you from negative energy.
   Fragile:   It will be destroyed if unequipped.
   Will:      It increases your willpower.
 x - a +1 heavy broad axe
Missiles
 m - 10 stones (quivered)
Armour
 b - a +0 animal skin
 p - a +3 ring mail
 q - a +3 scale mail
 y - a +4 chain mail (worn)
 z - a +5 ring mail
 A - a +0 cloak (worn)
 B - a +0 pair of boots (worn)
Jewellery
 u - a +3 ring of intelligence
 v - a +3 ring of protection
Scrolls
 h - a scroll of blinking
 j - a scroll of butterflies
 k - 5 scrolls of amnesia
 l - 2 scrolls of vulnerability
Potions
 c - 7 potions of curing
 d - 7 potions of heal wounds
 e - 3 potions of haste
 f - 4 potions of magic
 g - 4 potions of berserk rage
 i - 2 potions of invisibility
 w - a potion of might


   Skills:
 + Level 13.5 Fighting
 + Level 20.4 Axes
 + Level 10.5 Armour
 + Level 7.6 Dodging
 + Level 0.3 Stealth


You had 9 spell levels left.
You didn't know any spells.
Your spell library was empty.

Dungeon Overview and Level Annotations

Branches:
Dungeon (1/1)

Altars:
Ashenzari
Cheibriados
Dithmenos
Elyvilon
Fedhas
Gozag
Hepliaklqana
Kikubaaqudgha
Makhleb
Nemelex Xobeh
Okawaru
Qazlal
Ru
Sif Muna
Trog
Uskayaw
Vehumet
Wu Jian
Xom
Yredelemnul
Zin
The Shining One
Beogh
Jiyva
Lugonu


Message History

You feel stronger.
You are no longer berserk.
You are exhausted.
You feel yourself slow down.
The hellwing hits you but does no damage. x2
You slice the hellwing!!
The hellwing is moderately wounded.
You slash the deep troll! The hellwing completely misses you.
The hellwing hits you. The deep troll bites you!! The deep troll claws you. x2
You completely miss the hellwing.
The hellwing is moderately wounded.
You slash the deep troll!
The deep troll bites you but does no damage.
The deep troll claws you!
The deep troll claws you but does no damage.
The hellwing hits you.
The hellwing hits you but does no damage.
You feel much better. The deep troll bites you.
The deep troll claws you but does no damage.
The deep troll claws you.
The hellwing hits you but does no damage. x2
The deep troll barely misses you. The deep troll claws you!
The deep troll claws you but does no damage.
The hellwing hits you!
The hellwing hits you but does no damage.
You slice the hellwing!!
The hellwing is almost dead.
You slice the deep troll!! The deep troll bites you!!
* * * LOW HITPOINT WARNING * * *
The deep troll claws you!
* * * LOW HITPOINT WARNING * * *
The deep troll claws you!
* * * LOW HITPOINT WARNING * * *
The hellwing hits you.
* * * LOW HITPOINT WARNING * * *
The hellwing hits you but does no damage.
Your troll goes berserk!
The hellwing barely misses you. The hellwing completely misses you.
The deep troll barely misses you. The deep troll claws you.
You die...

###))##.......##''#######
..#))##.......##.††......
..#..##.......##.........
..#'###...<...##..#####..
.....##.......##..'...#
.....##.......##..#†..#
#######.......##).#...#
..#..###########)T#####.
..#.############@.......
#.#.#....#!...##4T......
..#)#....#....###.###...
#.#.'....'..).# .. ..
..#'#)...#..))# ... .
..'.#....#..))# ...#
############### ####


You could see a deep troll (ally target), a hellwing and a friendly troll
(summoned, berserk).

Vanquished Creatures
  A boulder beetle (D)
  A two-headed ogre (D)
  A sea snake (D)
  2 flayed ghosts (D)
  An orange demon (D)
  An ice devil (D)
  A small abomination (D)
  A kobold brigand (D)
  A jelly (D)
  A quasit (D)
  A hound (D)
  A gnoll bouda (D)
  2 orc wizards (D)
  An adder (D)
  5 gnolls (D)
  A river rat (D)
  A white imp (D)
  A worm (D)
  5 orcs (D)
  3 bats (D)
  A bat zombie (D)
  A giant cockroach (D)
  A goblin (D)
  A hobgoblin (D)
  2 frilled lizards (D)
  2 rats (D)
40 creatures vanquished.

Notes
Turn   | Place    | Note
-------+----------+-------------------------------------------
     0 | D        | sircluck the Hill Orc Berserker began the quest for the
                  | Orb.
     0 | D        | Reached XP level 1. HP: 19/19 MP: 1/1
    21 | D        | Reached skill level 5 in Axes
    21 | D        | Reached XP level 2. HP: 7/28 MP: 2/2
    49 | D        | Found a bloodstained altar of Trog.
    49 | D        | Found a shimmering blue altar of Sif Muna.
    49 | D        | Found a viscous altar of Jiyva.
    49 | D        | Found a hazy altar of Hepliaklqana.
    49 | D        | Found an opulent altar of Gozag.
    50 | D        | Found a glowing golden altar of the Shining One.
    50 | D        | Found a glowing silver altar of Zin.
    50 | D        | Found a basalt altar of Yredelemnul.
    50 | D        | Found a shimmering altar of Xom.
    50 | D        | Found an ornate altar of the Wu Jian Council.
    50 | D        | Found a sacrificial altar of Ru.
    50 | D        | Found a stormy altar of Qazlal.
    50 | D        | Found an iron altar of Okawaru.
    50 | D        | Found a sparkling altar of Nemelex Xobeh.
    50 | D        | Found a burning altar of Makhleb.
    50 | D        | Found a blossoming altar of Fedhas.
    50 | D        | Found a white marble altar of Elyvilon.
    50 | D        | Found a shadowy altar of Dithmenos.
    50 | D        | Found a snail-covered altar of Cheibriados.
    52 | D        | Found a radiant altar of Vehumet.
    52 | D        | Found a corrupted altar of Lugonu.
    52 | D        | Found a roughly hewn altar of Beogh.
    53 | D        | Found a hide-covered altar of Uskayaw.
    53 | D        | Found an ancient bone altar of Kikubaaqudgha.
    53 | D        | Found a broken altar of Ashenzari.
   134 | D        | Reached ** piety under Trog
   141 | D        | Reached skill level 5 in Fighting
   157 | D        | Reached *** piety under Trog
   163 | D        | Reached skill level 6 in Axes
   247 | D        | Reached **** piety under Trog
   248 | D        | Reached XP level 3. HP: 29/36 MP: 3/3
   254 | D        | Reached skill level 7 in Axes
   267 | D        | Reached XP level 4. HP: 13/44 MP: 4/4
   276 | D        | Reached ***** piety under Trog
   277 | D        | Reached skill level 8 in Axes
   280 | D        | HP: 2/45 [gnoll bouda/+0 whip (7)]
   290 | D        | Identified the +1 hand axe of the Wary Ziggurats {heavy,
                  | rN+} (Trog gifted it to you in the Dungeon)
   290 | D        | Received a gift from Trog
   291 | D        | Reached skill level 9 in Axes
   291 | D        | Reached XP level 5. HP: 27/52 MP: 5/5
   301 | D        | Reached skill level 10 in Axes
   421 | D        | Noticed a small abomination
   424 | D        | Killed a small abomination
   425 | D        | Reached skill level 12 in Axes
   425 | D        | Reached skill level 5 in Armour
   425 | D        | Reached XP level 6. HP: 62/62 MP: 6/6
   437 | D        | Reached ****** piety under Trog
   457 | D        | Noticed a flayed ghost
   457 | D        | Noticed an ice devil
   464 | D        | Killed an ice devil
   465 | D        | Reached skill level 14 in Axes
   465 | D        | Reached skill level 5 in Dodging
   465 | D        | Reached XP level 7. HP: 51/71 MP: 7/7
   466 | D        | Killed a flayed ghost
   467 | D        | Reached skill level 10 in Fighting
   467 | D        | Reached skill level 15 in Axes
   467 | D        | Reached XP level 8. HP: 81/81 MP: 8/8
   467 | D        | Identified the +7 battleaxe "Methe" {antimagic, Fragile rN+
                  | Will+ Str+6} (Trog gifted it to you in the Dungeon)
   467 | D        | Received a gift from Trog
   468 | D        | Reached skill level 16 in Axes
   760 | D        | Noticed a boulder beetle
   760 | D        | Noticed a sea snake
   771 | D        | Killed a sea snake
   772 | D        | Reached skill level 17 in Axes
   772 | D        | Reached XP level 9. HP: 90/90 MP: 3/9
   772 | D        | Killed a boulder beetle
   773 | D        | Reached skill level 18 in Axes
   777 | D        | Noticed an orange demon
   782 | D        | Killed an orange demon
   783 | D        | Reached skill level 19 in Axes
   823 | D        | Noticed a two-headed ogre
   830 | D        | Noticed a flayed ghost
   832 | D        | Killed a two-headed ogre
   833 | D        | Reached skill level 10 in Armour
   833 | D        | Noticed a deep troll
   834 | D        | Noticed a hellwing
   841 | D        | Killed a flayed ghost
   841 | D        | Received a gift from Trog
   842 | D        | Reached skill level 20 in Axes
   842 | D        | Reached XP level 10. HP: 101/101 MP: 3/10
   846 | D        | HP: 3/101 [deep troll (8)]
   846 | D        | HP: 1/101 [hellwing (2)]
   847 | D        | Slain by a deep troll

Illustrated notes

Levels and vault maps discovered:
D:        pitsprint [storerooms_1, entrance_room_1, metal_vault_8, armoury_2,
          mini_pit_1, grid_room_1, main_hall_1, silver_pit, the_coven_1,
          the_vestibule_1, steel_vault_1, golden_pit, hallway_of_sentries,
          crystal_vault_4, iron_vault_2, final_vault]

Skill      XL: |  1  2  3  4  5  6  7  8  9 |
---------------+----------------------------+-----
Fighting       | 4 5 6 7 8 9 10 11 13 | 13.5
Axes           | 5 6 7 9 12 14 15 17 20 | 20.4
Dodging        | 2 3 4 5 6 7 |  7.6
Armour         | 3 4 5 6 7 8 10 | 10.5
Stealth        | |  0.3

Action                     |  1- 3 |  4- 6 |  7- 9 | 10-12 || total
---------------------------+-------+-------+-------+-------++-------
  Melee: Hand axe          |    55 |    66 |     3 |       ||   124
         Battleaxe         |       |       |    24 |     3 ||    27
 Invoke: Berserk           |     1 |     2 |     2 |       ||     5
         Brothers in Arms  |       |       |       |     1 ||     1
    Use: Potion            |     1 |     1 |       |     1 ||     3
 Armour: Animal skin       |    15 |       |       |       ||    15
         Scale mail        |    11 |    30 |       |       ||    41
         Chain mail        |       |       |    23 |    11 ||    34
  Dodge: Dodged            |    34 |    37 |    30 |     5 ||   106

Table legend: (Time is in decaauts)
 A = Elapsed time spent in this place.
 B = Non-inter-level travel time spent in this place.
 C = Inter-level travel time spent in this place.
 D = Time resting spent in this place.
 E = Time spent auto-exploring this place.
 F = Levels seen in this place.
 G = Mean time per level.
                   A        B        C        D        E       F      G
               +--------+--------+--------+--------+--------+-----+--------+
         Total |    860 |    766 |     94 |    288 |      0 |   1 |  860.0 |
       Dungeon |    860 |    766 |     94 |    288 |      0 |   1 |  860.0 |
               +--------+--------+--------+--------+--------+-----+--------+

Top non-repeatable levels by time:
       D: 860 daAuts
